 Dungeon Crawl Stone Soup version 0.22-a0-247-gbddf880 (webtiles) character file.

473 JeffiDaFish the Digger (level 6, -7/45 HPs)
             Began as a Draconian Earth Elementalist on Feb 27, 2018.
             Mangled by Duvessa
             ... wielding a +0 short sword
              (10 damage)
             ... on level 4 of the Dungeon.
             The game lasted 00:12:54 (3738 turns).

JeffiDaFish the Digger (DrEE)                       Turns: 3738, Time: 00:12:55

Health: -7/45      AC:  7    Str: 10    XL:     6   Next: 84%
Magic:  0/22       EV: 12    Int: 18    God:
Gold:   174        SH:  0    Dex: 11    Spells: 11/15 levels left

rFire    . . .     SeeInvis .   g - +2 short sword (drain)
rCold    . . .     Gourm    .   (no shield)
rNeg     . . .     Faith    .   (armour unavailable)
rPois    .         Spirit   .   (helmet restricted)
rElec    .         Reflect  .   (no cloak)
rCorr    .         Harm     .   k - +0 pair of gloves
MR       .....                  (no boots)
Stlth    ++........             (no amulet)
HPRegen  0.15/turn              e - ring of magical power
MPRegen  0.18/turn              (no ring)

@: very slightly contaminated
A: unfitting armour, cold-blooded, AC +6
a: no special abilities


You were on level 4 of the Dungeon.
You were hungry.

You visited 1 branch of the dungeon, and saw 4 of its levels.

You collected 174 gold pieces.

Inventory:

Hand Weapons
 g - a +2 short sword of draining (weapon)
Missiles
 b - 61 stones (quivered)
Armour
 k - a +0 pair of gloves (worn)
Jewellery
 e - a ring of magical power (left hand)
Scrolls
 a - a scroll of amnesia
 d - 3 scrolls of identify
 h - a scroll of teleportation
Comestibles
 c - 2 rations
 f - a chunk of flesh


   Skills:
 - Level 1.7 Dodging
 - Level 1.7 Stealth
 + Level 5.0 Spellcasting
   Level 1.0 Transmutations
 + Level 5.9 Earth Magic


You had 11 spell levels left.
You knew the following spells:

 Your Spells              Type           Power        Failure   Level  Hunger
a - Sandblast             Erth           ####..       1%          1    None
b - Stone Arrow           Conj/Erth      ###...       12%         3    ##.....


Dungeon Overview and Level Annotations

Branches:
Dungeon (4/15)
 Temple: D:4-7

Altars:

Annotations:
D:4 Duvessa


Innate Abilities, Weirdness & Mutations

Your plain brown scales are hard. (AC +6)
You cannot fit into any form of body armour.
You are cold-blooded and may be slowed by cold attacks.


Message History

Press: ? - help, Shift-Dir - straight line, f/p - Duvessa
Aim: Duvessa, wielding a short sword and wearing a leather armour (moderately wounded, berserk, fast, unusually strong)
The blast of sand hits Duvessa.
Duvessa is heavily wounded.
b - 62 stones Duvessa hits you with a short sword!
Duvessa hits you with a short sword!!
* * * LOW HITPOINT WARNING * * *
Duvessa hits you with a short sword.
* * * LOW HITPOINT WARNING * * *
Duvessa closely misses you.
Casting: Sandblast (safe; 1% risk of failure)
Confirm with . or Enter, or press ? or * to list all spells.
Aiming: Sandblast (safe; 1% risk of failure)
Press: ? - help, Shift-Dir - straight line, f/p - Duvessa
Aim: Duvessa, wielding a short sword and wearing a leather armour (heavily wounded, berserk, fast, unusually strong)
The blast of sand hits Duvessa.
Duvessa is heavily wounded.
b - 61 stones Duvessa hits you with a short sword!
You die...

#.....# #.....# #.....#
###.### #### #.# ..# #.#
#.# #.#### ####.#####
#....###......<.##
#....e@..##..###.####
#.##.##..##.## ##.#.>
#...........# #.#.###
#....##..##.# ##.#....
#.#####......###.##.##.
#)#####.#.#.#...###.##.
##.......#.#.#.....[....
#...######.#.#.#####.###
#...# #.#.#. #...


You could see Duvessa (berserk).

Vanquished Creatures
  Sigmund (D:3)
  The ghost of Calypsia the Ruffian, an amateur VSMo of Cheibriados (D:3)
  Dowan (D:4)
  An orc priest (D:3)
  4 adders
  2 oozes
  3 worms
  2 dart slugs
  3 leopard geckos
  3 orcs
  6 giant cockroaches
  3 goblins
  9 hobgoblins
  2 jackals (D:3)
  9 kobolds
  A quokka (D:4)
  2 ball pythons (D:2)
  5 bats
  2 frilled lizards (D:2)
  A leopard gecko zombie (D:3)
  7 rats
68 creatures vanquished.

Notes
Turn   | Place    | Note
-------+----------+-------------------------------------------
     0 | D:1      | JeffiDaFish the Draconian Earth Elementalist began the quest for the Orb.
     0 | D:1      | Reached XP level 1. HP: 14/14 MP: 3/3
   324 | D:1      | Reached XP level 2. HP: 20/20 MP: 5/5
  1174 | D:1      | Reached XP level 3. HP: 25/26 MP: 7/7
  1219 | D:1      | Learned a level 3 spell: Stone Arrow
  1952 | D:2      | Reached XP level 4. HP: 16/33 MP: 3/8
  2686 | D:3      | Noticed Calypsia's ghost (amateur VSMo)
  2700 | D:3      | Killed Calypsia's ghost
  2700 | D:3      | Reached XP level 5. HP: 25/38 MP: 2/10
  3004 | D:3      | Noticed Sigmund
  3019 | D:3      | Killed Sigmund
  3019 | D:3      | Reached skill level 5 in Earth Magic
  3019 | D:3      | Reached XP level 6. HP: 29/45 MP: 4/13
  3708 | D:4      | Noticed Dowan
  3709 | D:4      | Noticed Duvessa
  3724 | D:4      | Killed Dowan
  3724 | D:4      | Reached skill level 5 in Spellcasting
  3734 | D:4      | HP: 2/45 [Duvessa/short sword (2)]
  3738 | D:4      | Mangled by Duvessa

Vault maps used:
D:1:      evilmike_arrival_run_for_it, serial_forest, infiniplex_forest_end_3,
          infiniplex_forest_pool, infiniplex_forest_join,
          infiniplex_forest_straight_2, infiniplex_forest_zigzag_2,
          infiniplex_forest_clump_cross, infiniplex_forest_clump_small,
          serial_bayou_lake_a
D:3:      uniq_sigmund
D:4:      minmay_temple_entry_enclosed_plants, uniq_duvessa

Skill      XL: |  1  2  3  4  5  6 |
---------------+-------------------+-----
Spellcasting   | 3 4 5 |  5.0
Earth Magic    | 4 5 |  5.9
Dodging        | |  1.7
Stealth        | |  1.7
Transmutations | |  1.0

Action                   |  1- 3 |  4- 6 || total
-------------------------+-------+-------++-------
Melee: Unarmed           |     2 |       ||     2
       Short sword       |    54 |    27 ||    81
       Tailslap          |     4 |       ||     4
 Cast: Sandblast         |    35 |    31 ||    66
       Stone Arrow       |    11 |    17 ||    28
  Use: Scroll            |     6 |     1 ||     7
       Potion            |       |     5 ||     5
 Stab: Sleeping          |     2 |     2 ||     4
  Eat: Chunk             |     5 |     6 ||    11
Armor: Skin              |    14 |    10 ||    24
Dodge: Dodged            |    40 |    29 ||    69

Table legend:
 A = Spawn XP
 B = Non-spawn XP
 C = Spawn XP percentage of total XP
 D = Spawn monster count
 E = Non-spawn monster count
 F = Spawn count percentage of total count
 G = Total turns spent on level
                    A         B        C        D         E        F      G
               +---------+---------+-------+---------+---------+-------+---------
         Total |       0 |     677 |   0.0 |       0 |      68 |   0.0 |  3738
               +---------+---------+-------+---------+---------+-------+---------
           D:1 |       0 |      46 |   0.0 |       0 |      21 |   0.0 |  1455
           D:2 |       0 |      62 |   0.0 |       0 |      20 |   0.0 |  1072
           D:3 |       0 |     484 |   0.0 |       0 |      23 |   0.0 |  1116
           D:4 |       0 |      85 |   0.0 |       0 |       4 |   0.0 |    95
               +---------+---------+-------+---------+---------+-------+---------
